 Dungeon Crawl Stone Soup version 0.29-a0-541-gaf1fc19f1b (webtiles) character file.

Game seed: 4757658725433951263

23 Flugkiller the Skirmisher (level 3, -5/34 HPs)
             Began as a Meteoran Chaos Knight on June 2, 2022.
             Was a Plaything of Xom.
             Killed by divine providence
             ... invoked by an orc priest
              (12 damage)
             ... on level 3 of the Dungeon.
             The game lasted 00:01:27 (381 turns).

Flugkiller the Skirmisher (Meteoran Chaos Knight)    Turns: 381, Time: 00:01:27

Health: -5/34      AC:  5    Str: 16    XL:     3   Next: 26%
Magic:  4/4        EV: 11    Int: 13    God:    Xom [....*.]
Gold:   37         SH:  0    Dex: 13    Spells: 2/2 levels left

rFire   . . .      SeeInvis .   a - +0 hand axe (chaos)
rCold   . . .      Faith    .   (no shield)
rNeg    . . .      Spirit   .   b - +2 leather armour
rPois   .          Reflect  .   (no helmet)
rElec   .          Harm     .   (no cloak)
rCorr   .          Rampage  .   (no gloves)
Will    .....                   (no boots)
Stlth   +.........              (no amulet)
HPRegen 0.11/turn               (no ring)
MPRegen 0.09/turn               (no ring)

@: glowing
A: sense surroundings 1, otherworldly, glowing, explore regen
a: Renounce Religion


You were on level 3 of the Dungeon.
You worshipped Xom.
You were a beloved toy of Xom.
You visited 1 branch of the dungeon, and saw 3 of its levels.

You collected 37 gold pieces.

Inventory:

Hand Weapons
 a - a +0 hand axe of chaos (weapon)
Armour
 b - a +2 leather armour (worn)
Jewellery
 i - an amulet of faith
   (You found it on level 3 of the Dungeon)
Scrolls
 e - 3 scrolls of identify {unknown}
 f - a scroll of blinking {unknown}
 g - a scroll of immolation {unknown}
Potions
 d - a potion of curing {unknown}
 h - a potion of flight {unknown}
Miscellaneous
 c - a piece from Xom's chessboard (15/15) (quivered)


   Skills:
 + Level 4.4 Fighting
 - Level 3.6 Axes
 - Level 2.4 Armour
 - Level 1.2 Dodging


You had 2 spell levels left.
You didn't know any spells.
Your spell library was empty.

Dungeon Overview and Level Annotations

Branches:
Dungeon (3/15)

Altars:

Annotations:
D:3 Natasha


Innate Abilities, Weirdness & Mutations

You passively map a small area around you.
You are easily found by Zot.
You glow in the dark.
You regain HP and MP as you explore.


Message History

You are confused.
You hear a shout! "There, this looks better."
Are you sure you want to stumble around while confused and next to your butterfly? [Y]es or [N]o only, please.
Are you sure you want to stumble around while confused and next to your butterfly?
Okay, then.
The orc wizard casts a spell.
The orc wizard flickers and vanishes!
Deactivating autopickup; reactivate with Ctrl-A.
The orc priest hits your butterfly with a +0 short sword.
Your butterfly dies!
Your butterfly disappears in a puff of smoke!
Something completely misses your butterfly.
The orc priest hits your butterfly with a +0 short sword.
Your butterfly dies!
Your butterfly disappears in a puff of smoke!
You feel less confused.
The bat completely misses your butterfly. x2
Something hits you but does no damage. The bat closely misses you.
You hit the orc priest.
The orc priest is moderately wounded.
You barely miss the bat. You closely miss something. The bat misses you.
Natasha misses your butterfly.
The orc priest hits you but does no damage.
Something hits you.
You hear some strange, mumbled words.
A magic dart appears from out of thin air!
The magic dart hits you.
The orc priest looks braver for a moment.
The bat barely misses you.
You closely miss the orc priest.
The orc priest is moderately wounded.
You barely miss the bat. You hit something.
Nothing appears to happen.
The bat closely misses you. The orc priest closely misses you.
Something hits you.
You closely miss the orc priest.
The orc priest is moderately wounded.
You hit Natasha. You drain Natasha. You hit something but do no damage.
You slash the bat!
You kill the bat!
Natasha barely misses you.
The orc priest hits you with a +0 short sword.
The orc priest mumbles some strange prayers to Beogh against you.
Your butterfly writhes in agony!
Your butterfly dies!
Your butterfly degenerates into a cloud of primal chaos!
Something hits you but does no damage.
You hit Natasha but do no damage.
Natasha is heavily wounded.
You hit the orc priest but do no damage.
You miss something.
Natasha howls an incantation.
Natasha's front paws start to glow.
Natasha claws you.
The orc priest hits you with a +0 short sword.
Something barely misses you.
You closely miss Natasha.
Natasha is heavily wounded.
You hit the orc priest. You closely miss something.
Natasha claws you but does no damage.
The orc priest mumbles some strange prayers to Beogh against you.
You barely resist.
The orc priest hits you with a +0 short sword.
You hear some strange, mumbled words.
A magic dart appears from out of thin air!
The magic dart hits you!
* * * LOW HITPOINT WARNING * * *
Natasha claws you.
* * * LOW HITPOINT WARNING * * *
Unknown command.
You hit Natasha.
Natasha suddenly seems more agile.
Xom is highly amused!
Natasha is heavily wounded.
You closely miss the orc priest. You barely miss something.
The orc priest misses you. Something hits you.
* * * LOW HITPOINT WARNING * * *
Natasha howls an incantation.
You feel troubled. Natasha barely misses you.
Unknown command.
You hit the orc priest but do no damage.
The orc priest is moderately wounded.
You closely miss the orc priest. You hit something but do no damage.
Xom thinks this is hilarious!
Nothing appears to happen.
You hit Natasha but do no damage.
The orc priest blinks!
Xom's power touches on a nearby monster.
Natasha evaporates and reforms as a gnoll!
Your butterfly disappears in a puff of smoke!
The orc priest hits you with a +0 club.
* * * LOW HITPOINT WARNING * * *
Something hits you but does no damage. Natasha hits you but does no damage.
Unknown command.
You barely miss the orc priest. You miss something. You hit Natasha.
Natasha is poisoned.
The orc priest mumbles some strange prayers to Beogh against you.
Beogh smites you!
You die...
Xom chuckles heartily!

* , , , , * * , ,
############ #........
##..........## ..o......
##......@o..o.###....[...
#...b..{g§.....#.......o.
#......b.................
#......b..b..............
#.........b..............
#.b†..bb..........<......
##..............b....####
##.<........#.......#
#############.....##


You could see 2 orc priests and Natasha the gnoll (very poisoned).

Vanquished Creatures
  A worm (D:3)
  2 orcs (D:2)
  3 ball pythons (D:2)
  A giant cockroach (D:2)
  A goblin (D:1)
  4 kobolds
  2 bats
  A frilled lizard (D:2)
15 creatures vanquished.

Notes
Turn   | Place    | Note
-------+----------+-------------------------------------------
     0 | D:1      | Flugkiller the Meteoran Chaos Knight began the quest for
                  | the Orb.
     0 | D:1      | Reached XP level 1. HP: 19/19 MP: 2/2
    55 | D:1      | XOM: silly message
    74 | D:1      | Reached XP level 2. HP: 20/27 MP: 3/3
   106 | D:3      | Noticed Natasha
   107 | D:3      | HP: 1/27 [orc priest/divine providence (13)]
   132 | D:2      | Reached skill level 4 in Fighting
   141 | D:2      | XOM: silly message
   277 | D:3      | XOM: potion effect (haste)
   279 | D:3      | Noticed a crimson imp
   333 | D:2      | Reached XP level 3. HP: 33/33 MP: 4/4
   367 | D:3      | XOM: scenery: summon butterflies
   380 | D:3      | Noticed Natasha
   380 | D:3      | Natasha changed into Natasha the gnoll
   380 | D:3      | XOM: polymorph Natasha -> Natasha the gnoll
   381 | D:3      | Killed from afar by an orc priest

Illustrated notes

Levels and vault maps discovered:
D:1:      noname_arrival_rooms_in_the_neighbourhood, layout_loops_ring,
          chequers_ecumenical_altar_simple_redux
D:2:      layout_basic
D:3:      layout_rooms, patterned_corridor, uniq_natasha

Skill      XL: |  1  2 |
---------------+-------+-----
Fighting       | 4 |  4.4
Axes           | |  3.6
Armour         | |  2.4
Dodging        | |  1.2

Action                   || total
-------------------------++-------
Melee: Hand axe          ||    50
       Punch             ||     1
Armor: Leather armour    ||    27
Dodge: Dodged            ||    26

Table legend: (Time is in decaauts)
 A = Elapsed time spent in this place.
 B = Non-inter-level travel time spent in this place.
 C = Inter-level travel time spent in this place.
 D = Time resting spent in this place.
 E = Time spent auto-exploring this place.
 F = Levels seen in this place.
 G = Mean time per level.
                   A        B        C        D        E       F      G
               +--------+--------+--------+--------+--------+-----+--------+
         Total |    367 |    353 |     14 |      0 |      0 |   3 |  122.3 |
       Dungeon |    367 |    353 |     14 |      0 |      0 |   3 |  122.3 |
               +--------+--------+--------+--------+--------+-----+--------+

Top non-repeatable levels by time:
     D:2: 234 daAuts
     D:1: 92 daAuts
     D:3: 39 daAuts
